| TOP OF THE 1ST |
|
Philadelphia Phillies batting - Pitching for New York Mets : RHP Apostolos Tsatsos
|
|
Pitching: RHP Apostolos Tsatsos
|
|
|
Batting: SHB Lance Franklin
|
0-0: Ball 1-0: Called Strike 1-1: Ball 2-1: Swinging Strike 2-2: Fly out, F7 (Flyball, 78M, EV 83.8 MPH)
|
|
Batting: RHB Chef Belew
|
0-0: DOUBLE (Line Drive, 8RXD, EV 108.8 MPH)
|
|
Batting: LHB Osamu Kubo
|
0-0: Called Strike 0-1: Ball 1-1: Ball 2-1: Swinging Strike 2-2: Foul Ball, location: 2F 2-2: Fly out, F6 (Popup, 6M, EV 61.9 MPH)
|
|
Batting: RHB Josh Hensley
|
0-0: Ball Wild Pitch! Chef Belew to third 1-0: Ground out U3 (Groundball, 3S, EV 69.4 MPH)
|
| Top of the 1st over - 0 runs, 1 hit, 0 errors, 1 left on base; Philadelphia 0 - New York 0 |
| BOTTOM OF THE 1ST |
|
New York Mets batting - Pitching for Philadelphia Phillies : RHP James Woods Jr.
|
|
Pitching: RHP James Woods Jr.
|
|
|
Batting: RHB Finn Ross
|
0-0: Ball 1-0: Foul Ball, location: 2F 1-1: Called Strike 1-2: Ground out 1-3 (Groundball, 13S, EV 70.6 MPH)
|
|
Batting: LHB Kevin Bellman
|
0-0: Swinging Strike 0-1: Foul Ball, location: 2F 0-2: Ball 1-2: Fly out, F8 (Flyball, 8LD, EV 92.5 MPH)
|
|
Batting: SHB Sean Cook
|
0-0: Called Strike 0-1: Ball 1-1: Foul Ball, location: 2F 1-2: Foul Ball, location: 2F 1-2: SINGLE (Groundball, 6M, EV 100.6 MPH) (infield hit)
|
|
Batting: RHB Jeff Jank
|
0-0: Foul Ball, location: 2F 0-1: Swinging Strike 0-2: 2-RUN HOME RUN (Flyball, 9LD, EV 88.8 MPH), Distance : 334 ft
|
|
Batting: SHB Roberto Magne
|
0-0: Called Strike 0-1: Ball 1-1: Swinging Strike 1-2: Ground out U3 (Groundball, 23, EV 80.6 MPH)
|
| Bottom of the 1st over - 2 runs, 2 hits, 0 errors, 0 left on base; Philadelphia 0 - New York 2 |
| TOP OF THE 2ND |
|
Philadelphia Phillies batting - Pitching for New York Mets : RHP Apostolos Tsatsos
|
|
Batting: LHB Ryan Trombley
|
0-0: Foul Ball, location: 2F 0-1: Foul Ball, location: 2F 0-2: Fly out, F7 (Flyball, 7S, EV 90.6 MPH)
|
|
Batting: SHB Phuck II
|
0-0: Called Strike 0-1: Swinging Strike 0-2: Ball 1-2: SOLO HOME RUN (Flyball, 9D, EV 98.8 MPH), Distance : 386 ft
|
|
Batting: LHB Cody Schumacher
|
0-0: Called Strike 0-1: Ball 1-1: Ball 2-1: Ball 3-1: Foul Ball, location: 2F 3-2: SINGLE (Line Drive, 8RS, EV 111.2 MPH)
|
|
Batting: LHB Mike Davis
|
0-0: Ball 1-0: Ball 2-0: 2-RUN HOME RUN (Flyball, 9LD, EV 90.0 MPH), Distance : 346 ft
|
|
Batting: LHB Nick Canizales
|
0-0: Ball 1-0: Foul Ball, location: 2F 1-1: Fly out, F4 (Line Drive, 4M, EV 63.1 MPH)
|
|
Batting: SHB Lance Franklin
|
0-0: Called Strike 0-1: Ball 1-1: Foul Ball, location: 2F 1-2: Ball 2-2: Strikes out swinging
|
| Top of the 2nd over - 3 runs, 3 hits, 0 errors, 0 left on base; Philadelphia 3 - New York 2 |
| BOTTOM OF THE 2ND |
|
New York Mets batting - Pitching for Philadelphia Phillies : RHP James Woods Jr.
|
|
Batting: RHB Drtian Thaqi
|
0-0: Ball 1-0: Called Strike 1-1: Fly out, F8 (Flyball, 8RD, EV 95.0 MPH)
|
|
Batting: SHB Javy Rosa
|
0-0: Swinging Strike 0-1: Fly out, F9 (Line Drive, 9D, EV 98.1 MPH)
|
|
Batting: RHB Jordan Fairburn
|
0-0: Swinging Strike 0-1: Foul Ball, location: 2F 0-2: Ball 1-2: Ball 2-2: Ball 3-2: Base on Balls
|
|
Batting: RHB Mike Phillips
|
0-0: Ground out 4-3 (Groundball, 4, EV 101.9 MPH)
|
| Bottom of the 2nd over - 0 runs, 0 hits, 0 errors, 1 left on base; Philadelphia 3 - New York 2 |
| TOP OF THE 3RD |
|
Philadelphia Phillies batting - Pitching for New York Mets : RHP Apostolos Tsatsos
|
|
Batting: RHB Chef Belew
|
0-0: Ball 1-0: Called Strike 1-1: Fly out, F7 (Flyball, 7LS, EV 93.1 MPH)
|
|
Batting: LHB Osamu Kubo
|
0-0: Foul Ball, location: 2F 0-1: Ball 1-1: Ball 2-1: Foul Ball, location: 2F 2-2: Strikes out swinging
|
|
Batting: RHB Josh Hensley
|
0-0: Ground out 5-3 (Groundball, 5, EV 101.9 MPH)
|
| Top of the 3rd over - 0 runs, 0 hits, 0 errors, 0 left on base; Philadelphia 3 - New York 2 |
| BOTTOM OF THE 3RD |
|
New York Mets batting - Pitching for Philadelphia Phillies : RHP James Woods Jr.
|
|
Batting: RHB Finn Ross
|
0-0: Ball 1-0: Foul Ball, location: 2F 1-1: Ball 2-1: TRIPLE (Line Drive, 89XD, EV 108.1 MPH)
|
|
Batting: LHB Kevin Bellman
|
0-0: Called Strike 0-1: Ball 1-1: SINGLE (Line Drive, 4D, EV 96.9 MPH) Finn Ross scores
|
|
Batting: SHB Sean Cook
|
0-0: Ball 1-0: Ball 2-0: Ball 3-0: Base on Balls Kevin Bellman to second
|
|
Batting: RHB Jeff Jank
|
0-0: Ball 1-0: Fielders Choice at 2nd, 1-6 (Groundball, 13S, EV 68.1 MPH) Kevin Bellman to third
|
|
Batting: SHB Roberto Magne
|
0-0: Called Strike 0-1: Called Strike 0-2: Ball Jeff Jank is caught stealing 2nd base 2-6 1-2: Ball 2-2: Foul Ball, location: 2F 2-2: Fly out, F7 (Flyball, 7S, EV 88.1 MPH)
|
| Bottom of the 3rd over - 1 run, 2 hits, 0 errors, 1 left on base; Philadelphia 3 - New York 3 |
| TOP OF THE 4TH |
|
Philadelphia Phillies batting - Pitching for New York Mets : RHP Apostolos Tsatsos
|
|
Batting: LHB Ryan Trombley
|
0-0: Ball 1-0: Foul Ball, location: 2F 1-1: Foul Ball, location: 2F 1-2: Foul Ball, location: 2F 1-2: Fly out, F7 (Flyball, 7, EV 78.1 MPH)
|
|
Batting: SHB Phuck II
|
0-0: Swinging Strike 0-1: Ball 1-1: Ball 2-1: Ball 3-1: Base on Balls
|
|
Batting: LHB Cody Schumacher
|
Pickoff Throw to First - Out! 1-3 CS 0-0: Called Strike 0-1: Swinging Strike 0-2: Ball 1-2: Foul Ball, location: 2F 1-2: Strikes out looking
|
| Top of the 4th over - 0 runs, 0 hits, 0 errors, 0 left on base; Philadelphia 3 - New York 3 |
| BOTTOM OF THE 4TH |
|
New York Mets batting - Pitching for Philadelphia Phillies : RHP James Woods Jr.
|
|
Batting: RHB Drtian Thaqi
|
0-0: Called Strike 0-1: Swinging Strike 0-2: Ball 1-2: Strikes out looking
|
|
Batting: SHB Javy Rosa
|
0-0: Swinging Strike 0-1: Ball 1-1: Ball 2-1: Foul Ball, location: 3F, Error on foul ball, E3 2-2: Foul Ball, location: 2F 2-2: Foul Ball, location: 2F 2-2: Ground out 6-3 (Groundball, 6M, EV 88.1 MPH)
|
|
Batting: RHB Jordan Fairburn
|
0-0: Ball 1-0: Called Strike 1-1: Ball 2-1: Swinging Strike 2-2: Ball 3-2: SOLO HOME RUN (Flyball, 9LD, EV 93.1 MPH), Distance : 344 ft
|
|
Batting: RHB Mike Phillips
|
0-0: Ball 1-0: Ground out 4-3 (Groundball, 4S, EV 83.8 MPH)
|
| Bottom of the 4th over - 1 run, 1 hit, 1 error, 0 left on base; Philadelphia 3 - New York 4 |
| TOP OF THE 5TH |
|
Philadelphia Phillies batting - Pitching for New York Mets : RHP Apostolos Tsatsos
|
|
Batting: LHB Mike Davis
|
0-0: Ball 1-0: Called Strike 1-1: Ground out 4-3 (Groundball, 4, EV 83.8 MPH)
|
|
Batting: LHB Nick Canizales
|
0-0: Ball 1-0: Called Strike 1-1: Ball 2-1: Swinging Strike 2-2: Ball 3-2: Ground out 5-3 (Groundball, 15, EV 91.9 MPH)
|
|
Batting: SHB Lance Franklin
|
0-0: Called Strike 0-1: Ball 1-1: Ball 2-1: Ball 3-1: Called Strike 3-2: Foul Ball, location: 2F 3-2: Strikes out swinging
|
| Top of the 5th over - 0 runs, 0 hits, 0 errors, 0 left on base; Philadelphia 3 - New York 4 |
| BOTTOM OF THE 5TH |
|
New York Mets batting - Pitching for Philadelphia Phillies : RHP James Woods Jr.
|
|
Batting: RHB Finn Ross
|
0-0: Swinging Strike 0-1: Foul Ball, location: 2F 0-2: Ball 1-2: Strikes out swinging
|
|
Batting: LHB Kevin Bellman
|
0-0: Ball 1-0: Swinging Strike 1-1: Fly out, F7 (Line Drive, 7S, EV 91.9 MPH)
|
|
Batting: SHB Sean Cook
|
0-0: Called Strike 0-1: Called Strike 0-2: Ball 1-2: Strikes out swinging
|
| Bottom of the 5th over - 0 runs, 0 hits, 0 errors, 0 left on base; Philadelphia 3 - New York 4 |
| TOP OF THE 6TH |
|
Philadelphia Phillies batting - Pitching for New York Mets : RHP Apostolos Tsatsos
|
|
Batting: RHB Chef Belew
|
0-0: Ball 1-0: Foul Ball, location: 2F 1-1: Ball 2-1: Foul Ball, location: 2F 2-2: Ball 3-2: Strikes out swinging
|
|
Batting: LHB Osamu Kubo
|
0-0: Ball 1-0: Ball 2-0: Ground out 4-3 (Groundball, 4S, EV 68.8 MPH)
|
|
Batting: RHB Josh Hensley
|
0-0: Ball 1-0: Foul Ball, location: 2F 1-1: Ground out 6-3 (Groundball, 6M, EV 97.5 MPH)
|
| Top of the 6th over - 0 runs, 0 hits, 0 errors, 0 left on base; Philadelphia 3 - New York 4 |
| BOTTOM OF THE 6TH |
|
New York Mets batting - Pitching for Philadelphia Phillies : RHP James Woods Jr.
|
|
Batting: RHB Jeff Jank
|
0-0: Ball 1-0: Fly out, F9 (Flyball, 89S, EV 92.5 MPH)
|
|
Batting: SHB Roberto Magne
|
0-0: Called Strike 0-1: Ball 1-1: Ground out 6-3 (Groundball, 4M, EV 101.2 MPH)
|
|
Batting: RHB Drtian Thaqi
|
0-0: Ball 1-0: Foul Ball, location: 2F 1-1: SINGLE (Groundball, 4MD, EV 96.2 MPH)
|
|
Batting: SHB Javy Rosa
|
0-0: Swinging Strike 0-1: Ball 1-1: Ball 2-1: Swinging Strike 2-2: Strikes out swinging
|
| Bottom of the 6th over - 0 runs, 1 hit, 0 errors, 1 left on base; Philadelphia 3 - New York 4 |
| TOP OF THE 7TH |
|
Philadelphia Phillies batting - Pitching for New York Mets : RHP Apostolos Tsatsos
|
|
Batting: LHB Ryan Trombley
|
0-0: Ball 1-0: Foul Ball, location: 2F 1-1: Called Strike 1-2: Foul Ball, location: 2F 1-2: Strikes out swinging
|
|
Batting: SHB Phuck II
|
0-0: Ball 1-0: Foul Ball, location: 2F 1-1: Foul Ball, location: 2F 1-2: Foul Ball, location: 2F 1-2: Ball 2-2: Ground out 5-3 (Groundball, 5L, EV 91.2 MPH)
|
|
Batting: LHB Cody Schumacher
|
0-0: Called Strike 0-1: Foul Ball, location: 2F 0-2: Foul Ball, location: 2F 0-2: Ground out 6-3 (Groundball, 56, EV 84.4 MPH)
|
| Top of the 7th over - 0 runs, 0 hits, 0 errors, 0 left on base; Philadelphia 3 - New York 4 |
| BOTTOM OF THE 7TH |
|
New York Mets batting - Pitching for Philadelphia Phillies : RHP James Woods Jr.
|
|
Batting: RHB Jordan Fairburn
|
0-0: Ball 1-0: Ball 2-0: Called Strike 2-1: Ground out 5-3 (Groundball, 56S, EV 80.6 MPH)
|
|
Batting: RHB Mike Phillips
|
0-0: Ball 1-0: Fly out, F9 (Line Drive, 9, EV 101.2 MPH)
|
|
Batting: RHB Finn Ross
|
0-0: Ball 1-0: Called Strike 1-1: Fly out, F9 (Flyball, 89S, EV 87.5 MPH)
|
| Bottom of the 7th over - 0 runs, 0 hits, 0 errors, 0 left on base; Philadelphia 3 - New York 4 |
| TOP OF THE 8TH |
|
Philadelphia Phillies batting - Pitching for New York Mets : RHP Apostolos Tsatsos
|
|
Pitching: RHP Robbie Beerbower
|
|
|
Batting: LHB Mike Davis
|
0-0: Called Strike 0-1: Ball 1-1: Called Strike 1-2: Strikes out swinging
|
|
Batting: LHB Nick Canizales
|
0-0: Foul Ball, location: 2F 0-1: Ball 1-1: Ball 2-1: Foul Ball, location: 2F 2-2: Ball 3-2: Foul Ball, location: 2F 3-2: Strikes out swinging
|
|
Batting: SHB Lance Franklin
|
0-0: Foul Ball, location: 2F 0-1: Fly out, F7 (Flyball, 7, EV 89.4 MPH)
|
| Top of the 8th over - 0 runs, 0 hits, 0 errors, 0 left on base; Philadelphia 3 - New York 4 |
| BOTTOM OF THE 8TH |
|
New York Mets batting - Pitching for Philadelphia Phillies : RHP James Woods Jr.
|
|
Batting: LHB Kevin Bellman
|
0-0: Ground out 6-3 (Groundball, 6M, EV 105.0 MPH)
|
|
Batting: SHB Sean Cook
|
0-0: Ball 1-0: DOUBLE (Line Drive, 8RXD, EV 110.6 MPH)
|
|
Pitching: RHP Ken Tetzlaff
|
|
|
Batting: RHB Jeff Jank
|
0-0: Called Strike 0-1: Foul Ball, location: 2F 0-2: Ground out 4-3 (Groundball, 4, EV 88.8 MPH) Sean Cook to third
|
|
Batting: SHB Roberto Magne
|
0-0: Called Strike 0-1: Swinging Strike 0-2: Ball 1-2: Ball 2-2: Strikes out swinging
|
| Bottom of the 8th over - 0 runs, 1 hit, 0 errors, 1 left on base; Philadelphia 3 - New York 4 |
| TOP OF THE 9TH |
|
Philadelphia Phillies batting - Pitching for New York Mets : RHP Robbie Beerbower
|
|
Pitching: LHP Chris Thurner
|
|
|
Now in RF: Antonio Aranda
|
|
|
Batting: RHB Chef Belew
|
0-0: DOUBLE (Flyball, 8LXD, EV 110.6 MPH)
|
|
Pinch Hitting: RHB Quintin Parker
|
0-0: Ball 1-0: Called Strike 1-1: Ball 2-1: Fly out, F8 (Flyball, 8RS, EV 94.4 MPH)
|
|
Batting: RHB Josh Hensley
|
0-0: Ball 1-0: Ball 2-0: Ball 3-0: Base on Balls
|
|
Pinch Hitting: RHB Chris Pounds
|
0-0: Ball 1-0: Ball 2-0: Swinging Strike 2-1: Swinging Strike 2-2: Strikes out swinging
|
|
Batting: SHB Phuck II
|
0-0: Ball 1-0: Called Strike 1-1: Ball 2-1: Fielders Choice at 2nd, 5-4 (Groundball, 56, EV 106.2 MPH)
|
| Top of the 9th over - 0 runs, 1 hit, 0 errors, 2 left on base; Philadelphia 3 - New York 4 |
|